cohdb
Replays
Latest Replays
All Replays
Popular Replays
Top Player Replays
Match Explorer
How It Works
Community
CoH3 Stats
Reddit
Sign in to upload your games and track your stats! →
Sign in with Steam
Match 25046063
Unlisted
Match 25046063
Overview
Messages
Build Orders
End
Panzergrenadier Squad
Selects Battlefield Espionage Battlegroup
Panzergrenadier Squad
Panzergrenadier Squad
Construct Light Support Kompanie
2.5-tonne Medical Truck
Selects 250/3 Funkpanzerwagen
Selects Sector Subterfuge Beacon
Fire Support Elements
Pak 38 Mechanized Group
Flakvierling Half-track
250/3 Funkpanzerwagen
Pak 38 Anti-tank Gun Team
Selects Plunder
Construct Panzerarmee Kommand
Selects Firestorm
Armored Reserves
Veteran Squad Leaders
Advanced Field Repairs
Firestorm
Firestorm
Tiger Heavy Tank
Selects Advanced Ambush Training
Selects Operation Skorpion
Operation Skorpion
Mushu
basegraph7022
TheGoodMoose
ConcernedApe
0
0
Comments
sign in to comment!
No comments posted yet!